2446 views
Uploaded 2021-10-15 17:19:24
Game version 1.32.10
40:29 long 3on3 ladder game on (6)Guardians
Saved by xzz
2446 views
Uploaded 2021-10-15 17:19:24
Game version 1.32.10
40:29 long 3on3 ladder game on (6)Guardians


130 units @ 18.6k
/ 3.5k
117 buildings @ 15.5k
/ 8.5k

| Healing Salve | 5 | 500 |
| Lesser Clarity Potion | 6 | 420 |
| Scroll of Speed | 3 | 150 |
| Potion of Healing | 2 | 300 |
| Potion of Mana | 3 | 600 |
| Scroll of Town Portal | 1 | 350 |
| total: | 20 | 2320g |
| Peon | 16 | 1200 | / | 0 |
| Raider | 7 | 1260 | / | 280 |
| Troll Batrider | 14 | 2240 | / | 560 |
| Wind Rider | 3 | 795 | / | 120 |
| total: | 40 | 5495g | / | 960w |
| Watch Tower | 46 | 5060 | / | 3680 |
| Altar of Storms | 1 | 180 | / | 50 |
| Orc Burrow | 7 | 1120 | / | 280 |
| War Mill | 1 | 205 | / | 0 |
| Barracks | 1 | 180 | / | 50 |
| Voodoo Lounge | 2 | 260 | / | 60 |
| Great Hall | 3 | 1155 | / | 555 |
| Beastiary | 4 | 580 | / | 560 |
| Stronghold | 1 | 315 | / | 190 |
| Fortress | 1 | 325 | / | 190 |
| total: | 65 | 8740g | / | 5235w |
| 0:06 | Altar of Storms |
| 0:08 | Orc Burrow |
| 0:10 | Peon |
| 0:10 | Peon |
| 0:36 | Peon |
| 0:58 | War Mill |
| 1:02 | Peon |
| 1:28 | Barracks |
| 1:34 | Peon |
| 1:46 | Voodoo Lounge |
| 1:48 | Peon |
| 2:06 | Peon |
| 2:17 | Feral Spirit |
| 2:26 | Stronghold |
| 3:17 | Watch Tower |
| 3:25 | Watch Tower |
| 3:30 | Watch Tower |
| 3:37 | Healing Salve |
| 3:37 | Lesser Clarity Potion |
| 3:41 | Scroll of Speed |
| 3:42 | Lesser Clarity Potion |
| 5:50 | Chain Lighting |
| 6:00 | Watch Tower |
| 6:01 | Watch Tower |
| 6:37 | Beastiary |
| 6:41 | Beastiary |
| 7:06 | Watch Tower |
| 7:13 | Watch Tower |
| 7:15 | Watch Tower |
| 7:24 | Pillage |
| 7:27 | Orc Burrow |
| 7:30 | Orc Burrow |
| 7:32 | Peon |
| 7:33 | Peon |
| 7:33 | Peon |
| 7:37 | Peon |
| 7:37 | Peon |
| 7:37 | Peon |
| 8:54 | Raider |
| 8:57 | Orc Burrow |
| 9:13 | Peon |
| 9:13 | Peon |
| 9:14 | Peon |
| 9:31 | Great Hall |
| 9:33 | Watch Tower |
| 9:34 | Watch Tower |
| 9:40 | Ensnare |
| 10:33 | Raider |
| 10:43 | Orc Burrow |
| 10:47 | Orc Burrow |
| 10:48 | Orc Burrow |
| 11:35 | Feral Spirit |
| 11:44 | Raider |
| 11:47 | Reinforced Defenses |
| 11:48 | Steel Armor |
| 11:48 | Steel Melee Weapons |
| 13:54 | Voodoo Lounge |
| 14:00 | Fortress |
| 14:12 | Beastiary |
| 14:16 | Beastiary |
| 14:19 | Watch Tower |
| 14:20 | Watch Tower |
| 14:20 | Watch Tower |
| 14:21 | Watch Tower |
| 14:24 | Healing Salve |
| 14:32 | Lesser Clarity Potion |
| 14:38 | Troll Batrider |
| 14:42 | Potion of Healing |
| 14:42 | Scroll of Speed |
| 14:47 | Potion of Mana |
| 14:47 | Potion of Mana |
| 15:03 | Spiked Barricades |
| 15:08 | Troll Batrider |
| 15:27 | Troll Batrider |
| 15:46 | Troll Batrider |
| 16:01 | Troll Batrider |
| 16:32 | Liquid Fire |
| 17:17 | Steel Ranged Weapons |
| 17:20 | Raider |
| 17:24 | Improved Spiked Barricades |
| 17:37 | Scroll of Town Portal |
| 18:24 | Troll Batrider |
| 18:24 | Troll Batrider |
| 18:59 | Troll Batrider |
| 19:06 | Chain Lighting |
| 19:09 | Healing Salve |
| 19:15 | Lesser Clarity Potion |
| 19:46 | Thorium Armor |
| 20:38 | Troll Batrider |
| 20:43 | Lesser Clarity Potion |
| 20:45 | Potion of Healing |
| 20:46 | Scroll of Speed |
| 20:50 | Potion of Mana |
| 20:51 | Lesser Clarity Potion |
| 20:55 | Healing Salve |
| 21:38 | Troll Batrider |
| 21:52 | Troll Batrider |
| 22:50 | Troll Batrider |
| 32:21 | Healing Salve |
| 33:25 | Raider |
| 34:16 | Wind Rider |
| 35:36 | Great Hall |
| 35:37 | Watch Tower |
| 35:38 | Watch Tower |
| 35:39 | Watch Tower |
| 35:39 | Watch Tower |
| 35:40 | Watch Tower |
| 35:41 | Watch Tower |
| 35:53 | Wind Rider |
| 36:02 | Watch Tower |
| 36:02 | Watch Tower |
| 36:03 | Watch Tower |
| 36:03 | Watch Tower |
| 36:05 | Watch Tower |
| 36:05 | Watch Tower |
| 36:16 | Great Hall |
| 36:36 | Wind Rider |
| 37:03 | Watch Tower |
| 37:05 | Watch Tower |
| 37:07 | Watch Tower |
| 37:09 | Watch Tower |
| 37:24 | Watch Tower |
| 37:24 | Watch Tower |
| 37:26 | Watch Tower |
| 37:26 | Watch Tower |
| 37:26 | Watch Tower |
| 37:27 | Watch Tower |
| 37:27 | Watch Tower |
| 37:28 | Watch Tower |
| 37:36 | Watch Tower |
| 37:51 | Raider |
| 38:32 | Raider |
| 38:46 | Watch Tower |
| 39:09 | Troll Batrider |
| 39:12 | Troll Batrider |
| 39:42 | Feral Spirit |
| 39:57 | Watch Tower |
| 39:57 | Watch Tower |
| 39:57 | Watch Tower |
| 39:58 | Watch Tower |
| 39:58 | Watch Tower |
| 39:59 | Watch Tower |
| Right click | 1111 |
| Select | 602 |
| Chat | 347 |
| Misc. action | 262 |
| Build/train/purchase | 131 |
| Select group | 108 |
| Use ability | 74 |
| Resource trade | 23 |
| Assign group | 18 |
| Remove unit | 2 |
| Esc | 1 |
| Minimap ping | 1 |
⇛
CapnCaveman
(2)
(37:57) : 

| Scroll of Regeneration | 2 | 200 |
| Orb of Fire | 1 | 325 |
| Potion of Healing | 1 | 150 |
| Scroll of Town Portal | 2 | 700 |
| total: | 6 | 1375g |
| Peasant | 12 | 900 | / | 0 |
| Footman | 6 | 810 | / | 0 |
| Priest | 5 | 675 | / | 50 |
| Sorceress | 3 | 465 | / | 60 |
| Knight | 2 | 490 | / | 120 |
| Flying Machine | 8 | 800 | / | 240 |
| Mortar Team | 3 | 540 | / | 210 |
| Goblin Shredder | 1 | 375 | / | 100 |
| total: | 40 | 5055g | / | 780w |
| Scout Tower | 3 | 90 | / | 60 |
| Arcane Tower | 1 | 70 | / | 50 |
| Guard Tower | 1 | 70 | / | 50 |
| Farm | 12 | 960 | / | 240 |
| Altar of Kings | 1 | 180 | / | 50 |
| Barracks | 2 | 320 | / | 120 |
| Lumber Mill | 1 | 120 | / | 0 |
| Arcane Vault | 1 | 130 | / | 30 |
| Blacksmith | 1 | 140 | / | 60 |
| Town Hall | 3 | 1155 | / | 615 |
| Arcane Sanctum | 2 | 300 | / | 280 |
| Workshop | 2 | 280 | / | 280 |
| Keep | 1 | 320 | / | 210 |
| Castle | 1 | 360 | / | 210 |
| total: | 28 | 3675g | / | 1735w |
| 0:03 | Peasant |
| 0:03 | Peasant |
| 0:06 | Farm |
| 0:09 | Altar of Kings |
| 0:21 | Farm |
| 0:24 | Barracks |
| 0:39 | Peasant |
| 0:42 | Peasant |
| 1:03 | Peasant |
| 1:24 | Peasant |
| 1:38 | Footman |
| 1:40 | Footman |
| 1:52 | Farm |
| 2:01 | Footman |
| 2:03 | Footman |
| 2:15 | Storm Bolt |
| 2:27 | Scout Tower |
| 2:33 | Lumber Mill |
| 2:40 | Farm |
| 3:08 | Arcane Tower |
| 3:19 | Footman |
| 3:21 | Peasant |
| 3:24 | Peasant |
| 3:31 | Arcane Vault |
| 3:56 | Keep |
| 3:58 | Improved Lumber Harvesting |
| 4:14 | Bash |
| 4:21 | Blacksmith |
| 4:25 | Defend |
| 5:03 | Footman |
| 5:10 | Farm |
| 5:23 | Scroll of Regeneration |
| 6:22 | Arcane Sanctum |
| 6:23 | Arcane Sanctum |
| 6:24 | Barracks |
| 6:30 | Peasant |
| 6:30 | Peasant |
| 6:40 | Storm Bolt |
| 6:56 | Scout Tower |
| 6:59 | Town Hall |
| 7:16 | Castle |
| 7:21 | Town Hall |
| 7:23 | Scout Tower |
| 7:36 | Advanced Lumber Harvesting |
| 8:06 | Scroll of Regeneration |
| 8:10 | Priest Adept Training |
| 8:11 | Sorceress Adept Training |
| 8:43 | Guard Tower |
| 9:03 | Goblin Shredder |
| 9:23 | Summon Water Elemental |
| 9:57 | Priest Master Training |
| 10:16 | Sorceress Master Training |
| 10:18 | Priest |
| 10:18 | Sorceress |
| 10:20 | Knight |
| 10:42 | Farm |
| 10:42 | Farm |
| 10:43 | Farm |
| 10:57 | Animal War Training |
| 11:28 | Priest |
| 11:30 | Sorceress |
| 11:34 | Iron Forged Swords |
| 12:53 | Brilliance Aura |
| 13:18 | Knight |
| 13:19 | Priest |
| 13:23 | Bash |
| 13:32 | Workshop |
| 13:43 | Peasant |
| 13:44 | Peasant |
| 14:05 | Workshop |
| 14:13 | Flak Cannons |
| 14:14 | Flying Machine Bombs |
| 14:23 | Sorceress |
| 14:23 | Priest |
| 14:43 | Flying Machine |
| 14:43 | Flying Machine |
| 14:44 | Flying Machine |
| 15:00 | Farm |
| 15:00 | Farm |
| 15:01 | Farm |
| 15:01 | Farm |
| 15:45 | Scroll of Town Portal |
| 16:00 | Flying Machine |
| 16:01 | Flying Machine |
| 16:22 | Flying Machine |
| 18:18 | Scroll of Town Portal |
| 18:19 | Orb of Fire |
| 18:19 | Potion of Healing |
| 18:29 | Summon Water Elemental |
| 19:02 | Storm Bolt |
| 20:10 | Priest |
| 20:23 | Brilliance Aura |
| 21:34 | Steel Forged Swords |
| 21:35 | Iron Plating |
| 21:36 | Black Gunpowder |
| 22:19 | Avatar |
| 25:40 | Flying Machine |
| 25:40 | Flying Machine |
| 26:47 | Mortar Team |
| 26:48 | Mortar Team |
| 26:48 | Mortar Team |
| 29:11 | Town Hall |
| Select group | 3181 |
| Right click | 2657 |
| Chat | 784 |
| Select | 731 |
| Build/train/purchase | 128 |
| Misc. action | 104 |
| Resource trade | 80 |
| Assign group | 47 |
| Use ability | 36 |
| Minimap ping | 4 |
| Item give/drop | 2 |
| Esc | 1 |



| Scroll of Regeneration | 6 | 600 |
| Lesser Clarity Potion | 4 | 280 |
| Potion of Healing | 2 | 300 |
| Ivory Tower | 4 | 160 |
| Orb of Fire | 2 | 650 |
| Staff of Sanctuary | 2 | 500 |
| Potion of Mana | 1 | 200 |
| Scroll of Town Portal | 3 | 1050 |
| total: | 24 | 3740g |
| Peasant | 15 | 1125 | / | 0 |
| Rifleman | 16 | 3280 | / | 480 |
| Mortar Team | 15 | 2700 | / | 1050 |
| Knight | 4 | 980 | / | 240 |
| total: | 50 | 8085g | / | 1770w |
| Arcane Tower | 2 | 140 | / | 100 |
| Guard Tower | 1 | 70 | / | 50 |
| Altar of Kings | 2 | 360 | / | 100 |
| Barracks | 2 | 320 | / | 120 |
| Blacksmith | 1 | 140 | / | 60 |
| Farm | 10 | 800 | / | 200 |
| Lumber Mill | 1 | 120 | / | 0 |
| Arcane Vault | 1 | 130 | / | 30 |
| Town Hall | 1 | 385 | / | 205 |
| Workshop | 6 | 840 | / | 840 |
| Keep | 1 | 320 | / | 210 |
| Castle | 1 | 360 | / | 210 |
| total: | 24 | 3095g | / | 1555w |
| 0:02 | Peasant |
| 0:05 | Peasant |
| 0:29 | Peasant |
| 0:35 | Peasant |
| 0:36 | Peasant |
| 0:50 | Altar of Kings |
| 0:53 | Altar of Kings |
| 0:57 | Barracks |
| 0:59 | Blacksmith |
| 1:04 | Farm |
| 1:07 | Peasant |
| 1:17 | Peasant |
| 1:21 | Farm |
| 1:22 | Peasant |
| 1:28 | Peasant |
| 1:42 | Peasant |
| 2:04 | Farm |
| 2:13 | Rifleman |
| 2:13 | Rifleman |
| 2:25 | Rifleman |
| 2:25 | Rifleman |
| 2:32 | Peasant |
| 2:32 | Peasant |
| 2:56 | Holy Light |
| 3:15 | Rifleman |
| 3:57 | Keep |
| 3:59 | Farm |
| 4:01 | Lumber Mill |
| 4:10 | Black Gunpowder |
| 4:13 | Arcane Vault |
| 4:53 | Rifleman |
| 5:13 | Devotion Aura |
| 5:30 | Holy Light |
| 5:38 | Town Hall |
| 5:44 | Rifleman |
| 5:47 | Scroll of Regeneration |
| 5:47 | Lesser Clarity Potion |
| 5:51 | Scroll of Regeneration |
| 6:03 | Barracks |
| 7:07 | Rifleman |
| 7:20 | Lesser Clarity Potion |
| 7:26 | Improved Lumber Harvesting |
| 7:37 | Potion of Healing |
| 7:38 | Lesser Clarity Potion |
| 8:00 | Siphon Mana |
| 8:02 | Long Rifles |
| 8:02 | Rifleman |
| 8:31 | Rifleman |
| 8:31 | Rifleman |
| 9:02 | Workshop |
| 9:08 | Scroll of Regeneration |
| 9:10 | Scroll of Town Portal |
| 9:17 | Ivory Tower |
| 9:17 | Ivory Tower |
| 9:17 | Ivory Tower |
| 9:17 | Ivory Tower |
| 9:21 | Peasant |
| 9:31 | Farm |
| 9:35 | Farm |
| 9:39 | Rifleman |
| 10:00 | Farm |
| 10:46 | Castle |
| 10:49 | Advanced Lumber Harvesting |
| 11:47 | Rifleman |
| 11:49 | Mortar Team |
| 11:49 | Mortar Team |
| 12:04 | Divine Shield |
| 12:15 | Arcane Tower |
| 12:17 | Guard Tower |
| 13:25 | Fragmentation Shards |
| 13:25 | Mortar Team |
| 13:27 | Workshop |
| 13:31 | Scroll of Regeneration |
| 13:34 | Potion of Healing |
| 13:34 | Orb of Fire |
| 13:35 | Staff of Sanctuary |
| 13:37 | Scroll of Town Portal |
| 13:43 | Scroll of Regeneration |
| 13:46 | Banish |
| 14:10 | Mortar Team |
| 14:34 | Mortar Team |
| 15:23 | Mortar Team |
| 15:33 | Scroll of Regeneration |
| 15:36 | Lesser Clarity Potion |
| 15:44 | Scroll of Town Portal |
| 15:48 | Potion of Mana |
| 15:53 | Staff of Sanctuary |
| 15:54 | Orb of Fire |
| 16:03 | Mortar Team |
| 16:05 | Farm |
| 16:05 | Farm |
| 16:30 | Rifleman |
| 16:31 | Rifleman |
| 16:57 | Mortar Team |
| 17:35 | Workshop |
| 17:36 | Workshop |
| 17:46 | Workshop |
| 17:56 | Peasant |
| 17:57 | Peasant |
| 18:10 | Holy Light |
| 18:11 | Siphon Mana |
| 18:53 | Mortar Team |
| 18:53 | Mortar Team |
| 19:23 | Knight |
| 19:31 | Banish |
| 21:35 | Workshop |
| 21:36 | Rifleman |
| 21:53 | Resurrection |
| 22:05 | Mortar Team |
| 22:05 | Mortar Team |
| 22:12 | Breath of Fire |
| 22:29 | Resurrection |
| 23:01 | Mortar Team |
| 23:01 | Mortar Team |
| 23:03 | Farm |
| 24:30 | Mortar Team |
| 24:37 | Knight |
| 24:37 | Knight |
| 24:37 | Knight |
| Right click | 1119 |
| Select group | 1072 |
| Select | 373 |
| Build/train/purchase | 157 |
| Misc. action | 92 |
| Use ability | 75 |
| Chat | 62 |
| Assign group | 48 |
| Minimap ping | 8 |
| Resource trade | 8 |
| Esc | 2 |
| Item give/drop | 1 |
165 units @ 21k
/ 2.3k
74 buildings @ 12.2k
/ 5.3k



| Orb of Lightning | 1 | 375 |
| Circlet of Nobility | 1 | 175 |
| Boots of Quel'Thalas +6 | 2 | 800 |
| Gloves of Haste | 2 | 250 |
| Sobi Mask | 1 | 400 |
| Robe of the Magi +6 | 2 | 800 |
| Claws of Attack +9 | 1 | 300 |
| Claws of Attack +6 | 1 | 125 |
| Gauntlets of Ogre Strength +3 | 1 | 100 |
| total: | 12 | 3325g |
| Peon | 22 | 1650 | / | 0 |
| Troll Headhunter | 9 | 1260 | / | 180 |
| Demolisher | 1 | 220 | / | 50 |
| Kodo Beast | 4 | 1020 | / | 240 |
| Shaman | 12 | 1560 | / | 240 |
| Troll Berserker | 10 | 1400 | / | 200 |
| Wind Rider | 5 | 1325 | / | 200 |
| Goblin Shredder | 1 | 375 | / | 100 |
| Rifleman | 1 | 205 | / | 30 |
| total: | 65 | 9015g | / | 1240w |
| Watch Tower | 5 | 550 | / | 400 |
| Altar of Storms | 2 | 360 | / | 100 |
| Orc Burrow | 9 | 1440 | / | 360 |
| War Mill | 1 | 205 | / | 0 |
| Barracks | 1 | 180 | / | 50 |
| Voodoo Lounge | 1 | 130 | / | 30 |
| Great Hall | 7 | 2695 | / | 1295 |
| Beastiary | 1 | 145 | / | 140 |
| Spirit Lodge | 1 | 150 | / | 150 |
| Stronghold | 1 | 315 | / | 190 |
| Fortress | 1 | 325 | / | 190 |
| total: | 28 | 5855g | / | 2525w |
| 0:10 | Peon |
| 0:10 | Peon |
| 0:10 | Peon |
| 0:14 | Altar of Storms |
| 0:19 | Orc Burrow |
| 0:39 | Peon |
| 0:39 | Peon |
| 1:02 | War Mill |
| 1:12 | Peon |
| 1:19 | Peon |
| 1:37 | Barracks |
| 1:46 | Orc Burrow |
| 1:53 | Peon |
| 2:01 | Peon |
| 2:07 | Peon |
| 2:16 | Wind Walk |
| 2:29 | Peon |
| 3:13 | Peon |
| 3:18 | Troll Headhunter |
| 3:18 | Troll Headhunter |
| 3:20 | Steel Ranged Weapons |
| 3:20 | Steel Armor |
| 3:43 | Troll Headhunter |
| 3:56 | Stronghold |
| 4:51 | Orc Burrow |
| 4:55 | Watch Tower |
| 4:56 | Spiked Barricades |
| 5:02 | Watch Tower |
| 5:47 | Critical Strike |
| 5:57 | Orc Burrow |
| 6:20 | Orc Burrow |
| 6:29 | Troll Headhunter |
| 6:31 | Reinforced Defenses |
| 6:55 | Orc Burrow |
| 7:01 | Watch Tower |
| 7:20 | Improved Spiked Barricades |
| 7:35 | Healing Wave |
| 8:23 | Fortress |
| 8:26 | Troll Headhunter |
| 8:46 | Troll Headhunter |
| 8:46 | Troll Headhunter |
| 8:47 | Troll Headhunter |
| 8:47 | Troll Headhunter |
| 9:15 | Goblin Shredder |
| 9:30 | Critical Strike |
| 10:03 | Hex |
| 10:06 | Thorium Armor |
| 10:06 | Thorium Ranged Weapons |
| 10:38 | Troll Regeneration |
| 10:49 | Berserker Upgrade |
| 11:01 | Burning Oil |
| 11:02 | Demolisher |
| 11:19 | Beastiary |
| 11:25 | Spirit Lodge |
| 11:35 | Boots of Quel'Thalas +6 |
| 11:46 | Gloves of Haste |
| 11:47 | Sobi Mask |
| 12:43 | Forked Lightning |
| 13:18 | War Drums Damage Increase |
| 13:19 | Kodo Beast |
| 13:30 | Shaman Adept Training |
| 13:32 | Arcanite Armor |
| 13:35 | Voodoo Lounge |
| 14:50 | Arcanite Ranged Weapons |
| 14:56 | Envenomed Spears |
| 14:59 | Shaman Master Training |
| 14:59 | Shaman |
| 15:17 | Robe of the Magi +6 |
| 15:36 | Gloves of Haste |
| 15:59 | Orc Burrow |
| 16:06 | Watch Tower |
| 16:13 | Orc Burrow |
| 16:16 | Watch Tower |
| 16:40 | Orb of Lightning |
| 16:48 | Shaman |
| 17:02 | Healing Wave |
| 19:57 | Troll Berserker |
| 19:57 | Troll Berserker |
| 20:00 | Kodo Beast |
| 20:23 | Frost Arrows |
| 20:38 | Wind Walk |
| 20:58 | Holy Light |
| 21:45 | Storm Bolt |
| 21:48 | Rifleman |
| 21:50 | Black Gunpowder |
| 21:51 | Studded Leather Armor |
| 22:31 | Great Hall |
| 24:13 | Devotion Aura |
| 24:35 | Shaman |
| 24:35 | Shaman |
| 25:01 | Hex |
| 25:43 | Troll Berserker |
| 25:44 | Troll Berserker |
| 26:23 | Altar of Storms |
| 26:41 | Wind Rider |
| 26:44 | Troll Berserker |
| 26:47 | Kodo Beast |
| 26:56 | Shaman |
| 27:59 | Shaman |
| 28:51 | Great Hall |
| 28:58 | Great Hall |
| 29:06 | Shaman |
| 29:22 | Great Hall |
| 29:59 | Wind Rider |
| 30:00 | Wind Rider |
| 30:02 | Troll Berserker |
| 30:04 | Shaman |
| 31:02 | Orc Burrow |
| 31:50 | Great Hall |
| 33:08 | Critical Strike |
| 33:40 | Great Hall |
| 33:48 | Claws of Attack +9 |
| 34:14 | Robe of the Magi +6 |
| 34:42 | Peon |
| 34:42 | Peon |
| 34:42 | Peon |
| 34:43 | Peon |
| 35:00 | Boots of Quel'Thalas +6 |
| 35:48 | Great Hall |
| 38:05 | Peon |
| 38:10 | Troll Berserker |
| 38:10 | Troll Berserker |
| 38:12 | Shaman |
| 38:12 | Shaman |
| 38:14 | Wind Rider |
| 38:45 | Avatar |
| 38:54 | Bladestorm |
| 39:28 | Circlet of Nobility |
| 39:35 | Claws of Attack +6 |
| 39:37 | Gauntlets of Ogre Strength +3 |
| 39:47 | Peon |
| 39:47 | Peon |
| 39:47 | Peon |
| 39:59 | Troll Berserker |
| 39:59 | Troll Berserker |
| 40:01 | Shaman |
| 40:01 | Shaman |
| 40:04 | Kodo Beast |
| 40:04 | Wind Rider |
| 40:17 | Peon |
| 40:17 | Peon |
| Right click | 655 |
| Select | 530 |
| Build/train/purchase | 174 |
| Chat | 149 |
| Use ability | 51 |
| Item give/drop | 19 |
| Esc | 9 |
| Remove unit | 6 |
| Minimap ping | 6 |
| Misc. action | 3 |

| Wisp | 17 | 1020 | / | 0 |
| Archer | 25 | 3250 | / | 250 |
| Hippogryph | 11 | 1760 | / | 220 |
| Druid of the Talon | 2 | 290 | / | 40 |
| Huntress | 2 | 390 | / | 40 |
| Dryad | 2 | 290 | / | 120 |
| total: | 59 | 7000g | / | 670w |
| Altar of Elders | 1 | 180 | / | 50 |
| Moon Well | 9 | 1620 | / | 360 |
| Ancient of War | 1 | 150 | / | 60 |
| Hunter's Hall | 1 | 210 | / | 100 |
| Ancient of Wonders | 1 | 90 | / | 30 |
| Tree of Life | 1 | 340 | / | 185 |
| Ancient of Wind | 3 | 450 | / | 420 |
| Ancient of Lore | 2 | 310 | / | 290 |
| Tree of Ages | 1 | 320 | / | 180 |
| Tree of Eternity | 1 | 330 | / | 200 |
| total: | 19 | 3350g | / | 1495w |
| 0:07 | Altar of Elders |
| 0:08 | Wisp |
| 0:12 | Moon Well |
| 0:16 | Wisp |
| 0:26 | Ancient of War |
| 0:38 | Wisp |
| 0:49 | Wisp |
| 0:49 | Wisp |
| 0:59 | Wisp |
| 1:19 | Wisp |
| 1:21 | Wisp |
| 1:29 | Archer |
| 1:40 | Moon Well |
| 1:47 | Archer |
| 2:16 | Mana Burn |
| 2:29 | Moon Well |
| 2:34 | Archer |
| 2:34 | Archer |
| 2:41 | Wisp |
| 2:58 | Archer |
| 3:11 | Evasion |
| 3:15 | Archer |
| 3:31 | Tree of Ages |
| 3:53 | Archer |
| 4:02 | Moon Well |
| 4:12 | Archer |
| 4:44 | Archer |
| 4:56 | Moon Well |
| 5:14 | Archer |
| 5:15 | Archer |
| 5:38 | Hunter's Hall |
| 5:44 | Ancient of Wonders |
| 5:46 | Mana Burn |
| 6:02 | Tree of Life |
| 7:02 | Strength of the Moon |
| 7:02 | Moon Armor |
| 7:17 | Improved Bows |
| 7:17 | Archer |
| 7:18 | Archer |
| 7:43 | Ancient of Wind |
| 7:43 | Ancient of Wind |
| 7:45 | Wisp |
| 7:45 | Wisp |
| 7:52 | Evasion |
| 8:55 | Ancient of Wind |
| 8:58 | Archer |
| 8:58 | Archer |
| 9:00 | Wisp |
| 9:00 | Wisp |
| 9:00 | Wisp |
| 9:17 | Hippogryph |
| 9:17 | Hippogryph |
| 9:17 | Hippogryph |
| 10:00 | Hippogryph |
| 10:01 | Hippogryph |
| 10:18 | Improved Strength of the Moon |
| 10:22 | Hippogryph |
| 10:36 | Moon Well |
| 11:29 | Improved Moon Armor |
| 11:46 | Moon Well |
| 11:52 | Hippogryph |
| 11:55 | Wisp |
| 11:55 | Wisp |
| 11:55 | Wisp |
| 12:14 | Archer |
| 12:44 | Mana Burn |
| 13:28 | Archer |
| 13:31 | Ultravision |
| 13:32 | Tree of Eternity |
| 13:34 | Hippogryph |
| 13:36 | Archer |
| 13:36 | Archer |
| 14:16 | Hippogryph |
| 14:17 | Archer |
| 15:23 | Archer |
| 15:23 | Archer |
| 15:23 | Archer |
| 15:24 | Hippogryph |
| 15:56 | Advanced Strength of the Moon |
| 15:56 | Well Spring |
| 15:59 | Marksmanship |
| 16:05 | Moon Well |
| 16:10 | Moon Well |
| 17:07 | Archer |
| 17:07 | Archer |
| 17:09 | Hippogryph |
| 18:24 | Ancient of Lore |
| 18:29 | Ancient of Lore |
| 18:36 | Druid of the Talon |
| 18:36 | Druid of the Talon |
| 18:38 | Huntress |
| 18:38 | Moon Glaive |
| 19:15 | Huntress |
| 19:17 | Advanced Moon Armor |
| 19:47 | Abolish Magic |
| 19:48 | Dryad |
| 19:48 | Dryad |
| Select group | 375 |
| Right click | 370 |
| Select | 347 |
| Build/train/purchase | 90 |
| Minimap ping | 84 |
| Assign group | 32 |
| Use ability | 25 |
| Resource trade | 9 |
| Item give/drop | 4 |
| Remove unit | 2 |
| Misc. action | 1 |


| Potion of Mana | 4 | 800 |
| Lesser Clarity Potion | 1 | 70 |
| total: | 5 | 870g |
| Peasant | 25 | 1875 | / | 0 |
| Footman | 3 | 405 | / | 0 |
| Rifleman | 13 | 2665 | / | 390 |
| total: | 41 | 4945g | / | 390w |
| Scout Tower | 6 | 180 | / | 120 |
| Arcane Tower | 4 | 280 | / | 200 |
| Guard Tower | 4 | 280 | / | 200 |
| Altar of Kings | 1 | 180 | / | 50 |
| Farm | 11 | 880 | / | 220 |
| Barracks | 2 | 320 | / | 120 |
| Blacksmith | 1 | 140 | / | 60 |
| Town Hall | 2 | 770 | / | 410 |
| Arcane Vault | 1 | 130 | / | 30 |
| Lumber Mill | 1 | 120 | / | 0 |
| Arcane Sanctum | 2 | 300 | / | 280 |
| Keep | 2 | 640 | / | 420 |
| total: | 27 | 3020g | / | 1290w |
| 0:04 | Peasant |
| 0:04 | Peasant |
| 0:04 | Peasant |
| 0:07 | Altar of Kings |
| 0:21 | Farm |
| 0:38 | Barracks |
| 0:39 | Peasant |
| 0:40 | Peasant |
| 0:41 | Peasant |
| 0:52 | Farm |
| 1:18 | Peasant |
| 1:39 | Blacksmith |
| 1:47 | Footman |
| 1:50 | Farm |
| 1:54 | Peasant |
| 2:09 | Footman |
| 2:14 | Storm Bolt |
| 2:27 | Footman |
| 2:38 | Farm |
| 3:23 | Keep |
| 3:29 | Rifleman |
| 3:37 | Scout Tower |
| 4:13 | Bash |
| 4:20 | Arcane Tower |
| 4:23 | Rifleman |
| 5:42 | Town Hall |
| 5:51 | Peasant |
| 5:51 | Peasant |
| 6:32 | Peasant |
| 6:32 | Peasant |
| 6:48 | Rifleman |
| 7:06 | Barracks |
| 7:09 | Farm |
| 7:21 | Arcane Vault |
| 7:34 | Rifleman |
| 7:55 | Storm Bolt |
| 8:04 | Holy Light |
| 8:04 | Holy Light |
| 8:15 | Rifleman |
| 8:36 | Peasant |
| 8:36 | Peasant |
| 8:36 | Peasant |
| 8:36 | Peasant |
| 8:37 | Peasant |
| 8:41 | Peasant |
| 8:42 | Peasant |
| 8:42 | Peasant |
| 9:04 | Lumber Mill |
| 9:07 | Rifleman |
| 9:19 | Scout Tower |
| 9:20 | Scout Tower |
| 9:21 | Scout Tower |
| 9:27 | Farm |
| 9:56 | Devotion Aura |
| 10:06 | Arcane Tower |
| 10:26 | Scout Tower |
| 10:26 | Scout Tower |
| 10:27 | Peasant |
| 10:28 | Peasant |
| 10:28 | Peasant |
| 10:29 | Farm |
| 10:44 | Guard Tower |
| 10:45 | Guard Tower |
| 11:51 | Rifleman |
| 12:02 | Guard Tower |
| 12:20 | Potion of Mana |
| 12:23 | Potion of Mana |
| 12:46 | Rifleman |
| 13:02 | Rifleman |
| 13:16 | Rifleman |
| 13:19 | Arcane Sanctum |
| 13:19 | Arcane Sanctum |
| 13:56 | Town Hall |
| 14:16 | Lesser Clarity Potion |
| 14:22 | Potion of Mana |
| 14:22 | Potion of Mana |
| 14:23 | Rifleman |
| 14:25 | Long Rifles |
| 14:30 | Farm |
| 14:31 | Farm |
| 15:19 | Bash |
| 15:27 | Farm |
| 15:28 | Farm |
| 15:51 | Rifleman |
| 16:02 | Peasant |
| 16:02 | Peasant |
| 16:34 | Rifleman |
| Right click | 874 |
| Select group | 696 |
| Select | 459 |
| Misc. action | 110 |
| Build/train/purchase | 75 |
| Use ability | 22 |
| Assign group | 18 |
| Item give/drop | 2 |
| Minimap ping | 2 |